 Dungeon Crawl Stone Soup version 0.27-a0-1334-g2746e35aca (webtiles) character file.

Game seed: 9686314703351421056

165 lunkers the Chiller (level 5, -1/35 HPs)
             Began as a Merfolk Ice Elementalist on June 27, 2021.
             Slain by a wyvern skeleton (5 damage)
             ... on level 4 of the Dungeon.
             The game lasted 00:02:54 (3445 turns).

lunkers the Chiller (Merfolk Ice Elementalist)      Turns: 3445, Time: 00:02:55

Health: -1/35      AC:  9    Str:  8    XL:     5   Next: 46%
Magic:  4/9        EV: 12    Int: 16    God:
Gold:   198        SH:  0    Dex: 14    Spells: 3/10 levels left

rFire    x . .     SeeInvis .   p - +0 trident
rCold    + . .     Faith    .   (no shield)
rNeg     . . .     Spirit   .   a - +0 robe
rPois    .         Reflect  .   (no helmet)
rElec    .         Harm     .   (no cloak)
rCorr    .         Rampage  .   (no gloves)
Will     .....                  (no boots)
Stlth    ++........             (no amulet)
HPRegen  0.11/turn              c - ring of flight
MPRegen  0.11/turn              i - ring of ice

@: ice-armoured, freezing walls, flying
A: (nimble swimmer 2), mertail
a: no special abilities


You were on level 4 of the Dungeon.
You visited 1 branch of the dungeon, and saw 4 of its levels.

You collected 198 gold pieces.

Inventory:

Hand Weapons
 p - a +0 trident (weapon)
Missiles
 o - 3 curare-tipped darts
Armour
 a - a +0 robe (worn)
Jewellery
 c - a ring of flight (left hand)
 i - a ring of ice (right hand)
Scrolls
 e - 2 scrolls of teleportation
 f - a scroll of vulnerability {unknown}
 g - a scroll of blinking {unknown}
 h - a scroll of summoning {unknown}
 j - 2 scrolls of identify {unknown}
Potions
 b - a potion of lignification {unknown}
 d - a potion of ambrosia {unknown}
 k - a potion of magic {unknown}
 l - a potion of heal wounds {unknown}
 m - 3 potions of curing
 n - a potion of berserk rage {unknown}


   Skills:
 - Level 2.6 Dodging
 - Level 2.1 Stealth
 + Level 3.2 Spellcasting
 * Level 6.4 Ice Magic


You had 3 spell levels left.
You knew the following spells:

 Your Spells              Type           Power      Damage    Failure   Level
a - Freeze                Ice            100%       1d11      1%          1
b - Frozen Ramparts       Ice            68%        1d8       3%          3
c - Ozocubu's Armour      Ice            34%        N/A       3%          3

Your spell library contained the following spells:

 Spells                   Type           Power      Damage    Failure   Level
 Corona                   Hex            2%         N/A       19%         1
 Slow                     Hex            2%         N/A       28%         2
 Confusing Touch          Hex            2%         N/A       50%         3
 Gell's Gravitas          Tloc           1%         N/A       50%         3
 Inner Flame              Hex/Fire       2%         N/A       50%         3
 Portal Projectile        Hex/Tloc       4%         N/A       50%         3
 Hailstorm                Conj/Ice       19%        3d6       43%         4
 Metabolic Englaciation   Hex/Ice        9%         N/A       80%         5
 Cause Fear               Hex            1%         N/A       88%         4
 Leda's Liquefaction      Hex/Erth       1%         N/A       88%         4
 Petrify                  Tmut/Erth      2%         N/A       88%         4
 Yara's Violent Unravell  Hex/Tmut       1%         3d3       99%         5


Dungeon Overview and Level Annotations

Branches:
Dungeon (4/15)
 Temple: D:4-7

Altars:


Innate Abilities, Weirdness & Mutations

((You are quick and stealthy near water. (Stealth+, EV+, Speed+++)))
Your lower body shifts to a powerful aquatic tail in water.


Message History

The wyvern skeleton is heavily damaged.
The wyvern skeleton completely resists.
The wall freezes the wyvern skeleton but does no damage.
The wyvern skeleton closely misses you.
The wyvern skeleton resists.
The wall freezes the wyvern skeleton.
The wyvern skeleton bites you!
* * * LOW HITPOINT WARNING * * *
Unknown command.
Reach: p) +0 trident
Press: ? - help, Dir - move target, f/p - wyvern skeleton
Aim: a wyvern skeleton (heavily damaged, about 15% to evade your +0 trident)
You hit the wyvern skeleton.
The wyvern skeleton is severely damaged.
The wyvern skeleton completely resists.
The wall freezes the wyvern skeleton but does no damage.
The wyvern skeleton bites you but does no damage.
Unknown command.
Unknown command.
Unknown command.
Reach: p) +0 trident
Press: ? - help, Dir - move target, f/p - wyvern skeleton
Aim: a wyvern skeleton (severely damaged, about 15% to evade your +0 trident)
You barely miss the wyvern skeleton.
The wyvern skeleton is severely damaged.
The wyvern skeleton completely resists.
The wall freezes the wyvern skeleton but does no damage.
The wyvern skeleton bites you!
* * * LOW HITPOINT WARNING * * *
The wyvern skeleton completely resists.
The wall freezes the wyvern skeleton but does no damage.
The wyvern skeleton bites you.
* * * LOW HITPOINT WARNING * * *
Reach: p) +0 trident
Press: ? - help, Dir - move target, f/p - wyvern skeleton
Aim: a wyvern skeleton (severely damaged, about 15% to evade your +0 trident)
You hit the wyvern skeleton.
The wyvern skeleton is severely damaged.
The wyvern skeleton completely resists.
The wall freezes the wyvern skeleton but does no damage.
The wyvern skeleton bites you.
You die...

#.......†.........##...#####
####.##.##.##.#.#.##..>....##
.....##.....#.....##........##
##<.####..#...#.#............##
.##..###.###.......#..........#
..<..(.#.###.#######..........#
#####........#### ##.........#
########....### #.........#
##...@Z###.....>...#
##.##............##
#.##.............#
#.##>###.........# #....#
#.........# ##...###.........#
#.#.............#
#######.##...........##
#.......##..........##


You could see a wyvern skeleton.

Vanquished Creatures
  A scorpion (D:3)
  2 adders
  A worm (D:4)
  2 dart slugs (D:4)
  4 orcs
  5 endoplasms
  3 giant cockroaches
  3 goblins
  10 hobgoblins
  11 jackals
  A quokka (D:2)
  7 ball pythons
  4 bats
  A frilled lizard (D:2)
  6 kobolds
  7 rats
68 creatures vanquished.

Notes
Turn   | Place    | Note
-------+----------+-------------------------------------------
     0 | D:1      | lunkers the Merfolk Ice Elementalist began the quest for
                  | the Orb.
     0 | D:1      | Reached XP level 1. HP: 13/13 MP: 3/3
   379 | D:1      | Reached XP level 2. HP: 19/19 MP: 0/5
   621 | D:1      | Found a faded altar of an unknown god.
   928 | D:1      | Reached skill level 5 in Ice Magic
  1134 | D:2      | Reached XP level 3. HP: 23/24 MP: 2/6
  1218 | D:2      | Learned a level 3 spell: Frozen Ramparts
  2019 | D:3      | Reached XP level 4. HP: 30/30 MP: 6/8
  2325 | D:3      | Noticed a scorpion
  2332 | D:3      | Killed a scorpion
  2333 | D:3      | Reached skill level 6 in Ice Magic
  2333 | D:3      | Reached XP level 5. HP: 30/35 MP: 3/9
  2780 | D:4      | Found Isauc's Book Boutique.
  2789 | D:4      | Identified the +0 pair of gloves of Fyreyff {Contam Harm
                  | Int+2}
  2927 | D:4      | Learned a level 3 spell: Ozocubu's Armour
  3445 | D:4      | Slain by a wyvern skeleton

Illustrated notes

Levels and vault maps discovered:
D:1:      minmay_arrival_up_and_down, layout_loops_ring,
          chequers_ecumenical_altar_simple
D:2:      layout_rooms
D:3:      layout_loops_ring, eino_curves_01
D:4:      layout_rooms, serial_shops, shop, serial_glass, glass_columns_b,
          glass_columns_a, due_unseen_surprise, minmay_strange_pillars

Skill      XL: |  1  2  3  4 |
---------------+-------------+-----
Ice Magic      | 5 6 |  6.4
Spellcasting   | 3 |  3.2
Dodging        | |  2.6
Stealth        | |  2.1

Action                   |  1- 3 |  4- 6 || total
-------------------------+-------+-------++-------
Melee: Unarmed           |    10 |       ||    10
       Trident           |       |     5 ||     5
 Cast: Freeze            |    60 |    28 ||    88
       Frozen Ramparts   |     3 |     5 ||     8
       Ozocubu's Armour  |       |     2 ||     2
  Use: Scroll            |       |     1 ||     1
       Potion            |       |     1 ||     1
Armor: Robe              |     8 |    11 ||    19
Dodge: Dodged            |    38 |    12 ||    50

Table legend: (Time is in decaauts)
 A = Elapsed time spent in this place.
 B = Non-inter-level travel time spent in this place.
 C = Inter-level travel time spent in this place.
 D = Time resting spent in this place.
 E = Time spent auto-exploring this place.
 F = Levels seen in this place.
 G = Mean time per level.
                   A        B        C        D        E       F      G
               +--------+--------+--------+--------+--------+-----+--------+
         Total |   3443 |   3311 |    132 |    129 |   2777 |   4 |  860.8 |
       Dungeon |   3443 |   3311 |    132 |    129 |   2777 |   4 |  860.8 |
               +--------+--------+--------+--------+--------+-----+--------+

Top non-repeatable levels by time:
     D:1: 1119 daAuts
     D:3: 1005 daAuts
     D:4: 671 daAuts
     D:2: 647 daAuts
